 Dungeon Crawl Stone Soup version 0.29-a0-284-gf9362112df (webtiles) character file.

Game seed: 5052884147669166426

63 rabbitsville the Spear-Bearer (level 4, -5/34 HPs)
             Began as a Gnoll Wanderer on Mar 16, 2022.
             Was a Follower of Zin.
             Slain by an iguana (12 damage)
             ... on level 2 of the Dungeon.
             The game lasted 00:04:37 (1311 turns).

rabbitsville the Spear-Bearer (Gnoll Wanderer)      Turns: 1311, Time: 00:04:38

Health: -5/34      AC:  4    Str: 12    XL:     4   Next: 10%
Magic:  8/8        EV: 11    Int: 11    God:    Zin [*.....]
Gold:   53         SH:  0    Dex: 13    Spells: 8/8 levels left

rFire   + . .      SeeInvis .   a - +1 trident
rCold   . . .      Faith    .   (no shield)
rNeg    . . .      Spirit   .   h - +0 leather armour {rF+}
rPois   .          Reflect  .   g - +0 helmet
rElec   .          Harm     .   (no cloak)
rCorr   .          Rampage  .   (no gloves)
Will    .....                   (no boots)
Stlth   ++........              (no amulet)
HPRegen 0.11/turn               (no ring)
MPRegen 0.11/turn               (no ring)

@: no status effects
A: fangs 1, strong nose, distributed training
a: Renounce Religion, Recite, Donate Gold


You were on level 2 of the Dungeon.
You worshipped Zin.
Zin was aware of your devotion.
You visited 1 branch of the dungeon, and saw 2 of its levels.

You collected 58 gold pieces.
You donated 5 gold pieces to Zin.

Inventory:

Hand Weapons
 a - a +1 trident (weapon)
Armour
 d - a +0 leather armour
 g - a +0 helmet (worn)
 h - a +0 leather armour of fire resistance (worn)
Wands
 b - a wand of flame (5) (quivered)
Scrolls
 c - a scroll of teleportation
 f - a scroll of identify {unknown}
 i - a scroll of enchant armour {unknown}
 l - a scroll of vulnerability {unknown}
Potions
 e - a potion of flight {unknown}
 k - a potion of curing {unknown}


   Skills:
 + Level 2.7 Fighting
 + Level 1.0 Short Blades
 + Level 1.0 Long Blades
 + Level 1.0 Axes
 + Level 1.0 Maces & Flails
 + Level 8.5 Polearms
 + Level 1.0 Staves
 + Level 1.0 Slings
 + Level 1.0 Bows
 + Level 1.0 Crossbows
 + Level 2.7 Throwing
 + Level 1.0 Armour
 + Level 1.0 Dodging
 + Level 4.2 Stealth
 + Level 1.0 Shields
 + Level 1.0 Unarmed Combat
 + Level 2.9 Spellcasting
 + Level 0.8 Conjurations
 + Level 0.8 Hexes
 + Level 0.8 Summonings
 + Level 0.8 Necromancy
 + Level 0.8 Translocations
 + Level 0.8 Transmutations
 + Level 0.8 Fire Magic
 + Level 0.8 Ice Magic
 + Level 0.8 Air Magic
 + Level 0.8 Earth Magic
 + Level 0.8 Poison Magic
 + Level 1.1 Invocations
 + Level 2.7 Evocations


You had 8 spell levels left.
You didn't know any spells.
Your spell library contained the following spells:

 Spells                   Type           Power      Damage    Failure   Level
 Call Canine Familiar     Summ           3%         N/A       58%         3
 Yara's Violent Unravell  Hex/Tmut       1%         3d3       100%        5
 Eringya's Noxious Bog    Tmut/Pois      1%         N/A       100%        6


Dungeon Overview and Level Annotations

Branches:
Dungeon (2/15)

Altars:
Zin


Innate Abilities, Weirdness & Mutations

You have very sharp teeth.
Your uncanny sense of smell can sniff out nearby items.
Your experience applies equally to all skills.


Message History

You hit the iguana.
The iguana is lightly wounded.
You feel sick. The adder bites you but does no damage. The iguana bites you!
* * * LOW HITPOINT WARNING * * *
You are too injured to fight recklessly!
It was a potion of heal wounds.
You feel much better.
You feel sick. The adder barely misses you. The iguana barely misses you.
You puncture the adder!
The adder is almost dead.
The adder bites you.
You are more poisoned.
The adder poisons you!
You barely miss the adder. Your bite misses the adder.
The adder is almost dead.
You feel sick. The iguana bites you. The adder misses you.
You barely miss the adder.
The adder is almost dead.
You feel sick. The adder barely misses you. The iguana misses you.
You miss the adder.
The adder is almost dead.
You feel sick. The adder bites you but does no damage. The iguana misses you.
You hit the adder.
You kill the adder!
You feel sick.
The iguana bites you but does no damage.
You have reached level 4!
You feel agile.
You closely miss the iguana.
The iguana is lightly wounded.
You feel sick. The iguana closely misses you.
You hit the iguana.
The iguana is moderately wounded.
You feel sick. The iguana bites you!
* * * LOW HITPOINT WARNING * * *
You hit the iguana but do no damage.
The iguana is moderately wounded.
You feel sick.
You are no longer poisoned.
The iguana bites you!
You die...

#.#.. ..#.##
.....# !.#..#
#######+## .....#
.>.......##.....#
#..........l....#
.........@.....#
...............#
####..........#
..# ##'#...#####
#.# #.##### .#
#.# #.# ..
#.#####.# #
#.#...#.# #
#.#.#.#.#


You could see an iguana.

Vanquished Creatures
  2 adders (D:2)
  A worm (D:2)
  A dart slug (D:1)
  5 bats
  A giant cockroach (D:1)
  5 goblins
  4 hobgoblins
  4 jackals
  2 quokkas (D:2)
  3 ball pythons (D:1)
  2 frilled lizards
  4 kobolds (D:1)
  6 rats
40 creatures vanquished.

Notes
Turn   | Place    | Note
-------+----------+-------------------------------------------
     0 | D:1      | rabbitsville the Gnoll Wanderer began the quest for the
                  | Orb.
     0 | D:1      | rabbitsville set off with the following items: a +1
                  | trident, a wand of flame (5), a scroll of teleportation, a
                  | +0 leather armour
     0 | D:1      | Reached XP level 1. HP: 17/17 MP: 4/4
   225 | D:1      | Reached XP level 2. HP: 23/23 MP: 5/5
   373 | D:1      | Got Wisohev's Incunabulum of Unstable Calling
   444 | D:1      | Found a faded altar of an unknown god.
   536 | D:1      | Reached XP level 3. HP: 28/28 MP: 7/7
   988 | D:1      | Prayed at the altar of an unknown god.
   988 | D:1      | Became a worshipper of Zin the Law-Giver
   988 | D:1      | Reached * piety under Zin
  1082 | D:2      | Reached skill level 1 in Invocations
  1244 | D:2      | Reached skill level 1 in Short Blades
  1244 | D:2      | Reached skill level 1 in Long Blades
  1244 | D:2      | Reached skill level 1 in Axes
  1244 | D:2      | Reached skill level 1 in Maces & Flails
  1244 | D:2      | Reached skill level 1 in Staves
  1244 | D:2      | Reached skill level 1 in Slings
  1244 | D:2      | Reached skill level 1 in Bows
  1244 | D:2      | Reached skill level 1 in Crossbows
  1244 | D:2      | Reached skill level 1 in Armour
  1244 | D:2      | Reached skill level 1 in Dodging
  1244 | D:2      | Reached skill level 1 in Shields
  1244 | D:2      | Reached skill level 1 in Unarmed Combat
  1309 | D:2      | Reached XP level 4. HP: 16/34 MP: 8/8
  1311 | D:2      | Slain by an iguana

Illustrated notes

Levels and vault maps discovered:
D:1:      dpeg_arrival_concentric_ovals, layout_basic,
          nicolae_ecumenical_lake_church
D:2:      layout_basic

Skill      XL: |  1  2  3 |
---------------+----------+-----
Invocations    | 1 |  1.1
Short Blades   | 1 |  1.0
Long Blades    | 1 |  1.0
Axes           | 1 |  1.0
Maces & Flails | 1 |  1.0
Staves         | 1 |  1.0
Slings         | 1 |  1.0
Bows           | 1 |  1.0
Crossbows      | 1 |  1.0
Armour         | 1 |  1.0
Dodging        | 1 |  1.0
Shields        | 1 |  1.0
Unarmed Combat | 1 |  1.0
Fighting       | |  2.7
Polearms       | |  8.5
Throwing       | |  2.7
Stealth        | |  4.2
Spellcasting   | |  2.9
Conjurations   | |  0.8
Hexes          | |  0.8
Summonings     | |  0.8
Necromancy     | |  0.8
Translocations | |  0.8
Transmutations | |  0.8
Fire Magic     | |  0.8
Ice Magic      | |  0.8
Air Magic      | |  0.8
Earth Magic    | |  0.8
Poison Magic   | |  0.8
Evocations     | |  2.7

Action                   |  1- 3 |  4- 6 || total
-------------------------+-------+-------++-------
Melee: Trident           |    93 |     3 ||    96
       Bite              |     3 |       ||     3
  Use: Potion            |     1 |       ||     1
 Stab: Sleeping          |    10 |       ||    10
Armor: Leather armour    |    17 |       ||    17
Dodge: Dodged            |    27 |     1 ||    28

Table legend: (Time is in decaauts)
 A = Elapsed time spent in this place.
 B = Non-inter-level travel time spent in this place.
 C = Inter-level travel time spent in this place.
 D = Time resting spent in this place.
 E = Time spent auto-exploring this place.
 F = Levels seen in this place.
 G = Mean time per level.
                   A        B        C        D        E       F      G
               +--------+--------+--------+--------+--------+-----+--------+
         Total |   1299 |   1250 |     49 |      0 |    947 |   2 |  649.5 |
       Dungeon |   1299 |   1250 |     49 |      0 |    947 |   2 |  649.5 |
               +--------+--------+--------+--------+--------+-----+--------+

Top non-repeatable levels by time:
     D:1: 1060 daAuts
     D:2: 238 daAuts
